[Event "*** Titled Tuesday 3|2 Blitz"]
[Site "Chess.com"]
[Date "2017.05.02"]
[Round "5"]
[White "underdogchss"]
[Black "olgerts_indricans"]
[Result "1-0"]
[WhiteElo "2396"]
[BlackElo "2261"]
[TimeControl "180+2"]
[EndTime "14:05:34 PDT"]
[Termination "underdogchss won by resignation"]

1. e4 c5 2. Nf3 e6 3. d4 cxd4 4.
Nxd4 Nc6 5. Nc3 Qc7 6. Be3 a6 7.
Qd2 Nf6 8. O-O-O Be7 9. f3 b5 10. g4 Nxd4 11. Qxd4 Bb7 12. g5 Nh5 13. Bh3 Rc8 14.
Rd2 Bc5 15. Qxc5 Qxc5 16. Bxc5 Rxc5 17. Rg1 h6 18. g6 fxg6 19. Rxg6 Nf4 20. Rxg7 Bc6 21.
Bf1 Rg5 22. Rxg5 hxg5 23. h3 Ke7 24. b4 d6 25. Kb2 Rc8 26. a4 bxa4 27. Bxa6 Rb8 28.
b5 Nxh3 29. Ka3 Bd7 30. Kxa4 Ng1 31. Rd3 Ra8 32. Ka5 Nh3 33. Na4 Nf4 34. Rd2 d5 35.
e5 Ng6 36. Nb6 Rb8 37. Re2 Be8 38. c3 Nf4 39. Rd2 Ng6 40. Re2 Nf4 41. Re3 Ng2 42. Rd3 Nf4 43. Rd1 Bh5 44. Rh1 Bxf3 45. Rh7+ Kd8 46.
Rh8+ Kc7 47. Rh7+ Kd8 48. Rh8+ Kc7 49. Na8+ Rxa8 50. Rxa8 d4 51. b6+ Kd7 52. Ra7+ Kd8 53.
cxd4 g4 54. Rg7 Nh5 55. Rg8+ 1-0

[Event "*** Titled Tuesday 3|2 Blitz"]
[Site "Chess.com"]
[Date "2017.05.02"]
[Round "5"]
[White "David_Klein"]
[Black "severomorskij"]
[Result "1/2-1/2"]
[WhiteElo "2509"]
[BlackElo "2676"]
[TimeControl "180+2"]
[EndTime "14:05:37 PDT"]
[Termination "Game drawn - insufficient material"]

1. e4 c5 2. Nf3 Nc6 3. Bb5 e6 4. O-O Nge7 5. Re1 Ng6 6. c3 d5 7. exd5 Qxd5 8. d4 cxd4 9. Nxd4 Bd7 10. Be3 Nxd4 11. Bxd7+ Qxd7 12. Qxd4 Qxd4 13. Bxd4 Ne7 14. Nd2 Nf5 15. Be5 O-O-O 16. Nf3 f6 17. Bd4 Nxd4 18. cxd4 Kd7 19. Re3 Bd6 20. Rae1 Rhe8 21. Rb3 b6 22. g3 Rc8 23. Re2 Rc4 24. Kg2 Ra4 25. a3 Rc4 26. h4 h5 27. Rd3 a5 28. Ne5+ Bxe5 29. dxe5+ Kc7 30. exf6 gxf6 31. Rf3 f5 32. Rxf5 exf5 33.
Rxe8 Rc2 34. b3 Rb2 35. Re3 Kd6 36. Kf3 b5 37. Kf4 Rxf2+ 38. Kg5 Ra2 39. a4 bxa4 40. bxa4 Rxa4 41. Kxh5 Rg4 42. Kh6 a4 43. h5 Kc5 44.
Kh7 Kb4 45. Re5 a3 46. Rxf5 a2 47. Rf1 Rxg3 48. h6 Rb3 49. Ra1 Ka3 50. Kg7 Rg3+ 51. Kf7 Rf3+ 52. Kg7 Rg3+ 53. Kf7 Rh3 54. Kg7 Kb2 55. Rxa2+ Kxa2 56. h7 Kb3 57. h8=Q Rxh8 58. Kxh8 1/2-1/2

[Event "*** Titled Tuesday 3|2 Blitz"]
[Site "Chess.com"]
[Date "2017.05.02"]
[Round "5"]
[White "yurisolo"]
[Black "spectralsoul"]
[Result "1-0"]
[WhiteElo "2526"]
[BlackElo "2643"]
[TimeControl "180+2"]
[EndTime "14:05:50 PDT"]
[Termination "yurisolo won by resignation"]

1. e4 d6 2. d4 Nf6 3. Nc3 g6 4. Be3 Bg7 5. Qd2 c6 6. Bh6 Bxh6 7.
Qxh6 Qa5 8. Bd3 b5 9. Nf3 b4 10. Ne2 Bg4 11. Ng5 Bxe2 12. Bxe2 Nbd7 13. O-O Ng8 14. Qg7 Qxg5 15. Qxh8 O-O-O 16. Qxh7 Ngf6 17. Qxf7 Rh8 18. Qe6 Kc7 19. h3 Qd2 20. Bd3 g5 21. Rad1 Qf4 22. e5 Nd5 23. Qg4 Qf8 24. exd6+ exd6 25. g3 N7f6 26. Qf5 Ne7 27. Qe6 Nfd5 28. Rde1 Rh6 29. Qg4 Qg7 30. Bc4 Nf6 31. Qe6 Nc8 32. Qf7+ Qxf7 33. Bxf7 Rxh3 34. Be6 Rh7 35. Bxc8 Kxc8 36.
Re6 Ng4 37. Rxd6 Kc7 38. Rg6 Nh6 39. Rxg5 Nf7 40. Rg6 Nd6 41. Kg2 Nc4 42. b3 Na3 43. Rc1 Nb5 44. Rd1 Rd7 45. Rg4 Nc3 46. Rd3 Nxa2 47. Rf4 Nc3 48. g4 Nd5 49. Rf5 Rg7 50. Kg3 Kd6 51. f4 a5 52. g5 Nc3 53. Rxa5 Nd5 54.
Kg4 Rh7 55. g6 Rh2 56. Rxd5+ cxd5 57. g7 1-0

[Event "*** Titled Tuesday 3|2 Blitz"]
[Site "Chess.com"]
[Date "2017.05.02"]
[Round "5"]
[White "scrapnel"]
[Black "ChristopherYoo"]
[Result "1/2-1/2"]
[WhiteElo "2477"]
[BlackElo "2242"]
[TimeControl "180+2"]
[EndTime "14:05:51 PDT"]
[Termination "Game drawn - insufficient material"]

1. Nf3 Nf6 2. d4 g6 3. Bg5 Bg7 4. Nbd2 O-O 5. c3 d6 6. e4 Nbd7 7. Be2 c5 8. O-O cxd4 9. cxd4 d5 10. e5 Ne4 11. Nxe4 dxe4 12. Nd2 f6 13. exf6 Nxf6 14. Nc4 Be6 15. Ne5 Bd5 16. Qa4 Qd6 17. Rac1 a6 18. Bc4 b5 19. Bxd5+ Nxd5 20. Qb3 Bxe5 21. dxe5 Qxe5 22.
Bxe7 Qxe7 23. Qxd5+ Kh8 24. Qd4+ Kg8 25. Rfe1 Rae8 26.
h3 Qf6 27. Rcd1 Qe5 28. Re3 Rf7 29. Qxe5 Rxe5 30. Rd6 Rc7 31. Re2 Rc1+ 32. Kh2 a5 33. Rd4 Rf1 34. g4 g5 35. Rd7 e3 36. fxe3 Rf3 37.
Rc2 Rexe3 38. Rc8+ Rf8 39. Rxf8+ Kxf8 40. Rd2 Ke7 41. Kg2 Ke6 42. Rc2 Kd5 43. Rf2 Ke4 44. Rf5 Re2+ 45. Kg3 Rxb2 46. Rxg5 a4 47. Rh5 b4 48.
Rxh7 Rxa2 49. Rb7 b3 50. g5 Ra1 51. Kh4 Kd3 52. g6 Rg1 53. Rb4 Rxg6 54. Rxa4 b2 55. Rb4 Kc3 56. Rb8 Rc6 57. Kh5 Kc2 58. h4 b1=Q 59.
Rxb1 Kxb1 60. Kg5 Kc2 61. h5 Kd3 62. h6 Ke4 63. h7 Rc8 64. Kf6 Kf4 65. Kg7 Kg5 66.
h8=Q Rxh8 67. Kxh8 1/2-1/2

[Event "*** Titled Tuesday 3|2 Blitz"]
[Site "Chess.com"]
[Date "2017.05.02"]
[Round "5"]
[White "Astaneh"]
[Black "Noukii"]
[Result "1-0"]
[WhiteElo "2480"]
[BlackElo "2634"]
[TimeControl "180+2"]
[EndTime "14:05:53 PDT"]
[Termination "Astaneh won by resignation"]

1. d4 d5 2. c4 c6 3. Nc3 Nf6 4. Nf3 a6 5. e3 Bf5 6. Qb3 Ra7 7. a4 e6 8. c5 Nbd7 9. a5 Be7 10. Bd2 O-O 11. Na4 Ne4 12. Nb6 Nxd2 13. Kxd2 e5 14. Nxd7 Qxd7 15. Nxe5 Qe6 16. Nf3 Be4 17.
Bd3 f5 18. Rhe1 Qg6 19. Rg1 Bf6 20. Ne1 f4 21. Bxe4 Qxe4 22. Qd3 fxe3+ 23. fxe3 Qg4 24. Nc2 Bg5 25. Raf1 Raa8 26. h3 Qg3 27. Qe2 g6 28. Qg4 Rf2+ 29. Kd3 Qxg4 30. hxg4 Raf8 31. Re1 Re8 32.
Re2 Rf7 33. Rge1 Re4 34. Nb4 Rfe7 35. Na2 Rxg4 36. Nc3 Rg3 37. b4 h5 38. Nd1 Kf7 39. Rf1+ Kg7 40. Rf3 Rg4 41. Rh3 h4 42. Nc3 Kh6 43. e4 dxe4+ 44. Nxe4 Kh5 45. Rf3 Kh6 46.
Nf2 Rxe2 47. Nxg4+ Kh5 48. Kxe2 Kxg4 49. Kd3 Bf4 50.
Ke4 g5 51. d5 cxd5+ 52. Kxd5 Kf5 53. b5 axb5 54. c6 bxc6+ 55. Kxc6 g4 56. Rf1 Kg5 57. Kxb5 Be3 58. a6 h3 59. gxh3 gxh3 60. Rf3 h2 61.
Rh3 Bg1 62. Rxh2 1-0

[Event "*** Titled Tuesday 3|2 Blitz"]
[Site "Chess.com"]
[Date "2017.05.02"]
[Round "5"]
[White "Abdodi"]
[Black "politeplayer"]
[Result "1-0"]
[WhiteElo "2051"]
[BlackElo "2068"]
[TimeControl "180+2"]
[EndTime "14:06:04 PDT"]
[Termination "Abdodi won by resignation"]

1. d4 e6 2. c4 d5 3. Nc3 c5 4. Nf3 cxd4 5. Nxd4 Nf6 6. g3 e5 7. Nc2 d4 8. Nb1 Nc6 9. Bg2 Bf5 10. O-O Qd7 11. Bg5 Be7 12. Nd2 O-O 13. Bxf6 Bxf6 14. Ne4 Be7 15. Ne1 Rad8 16. Nd3 b6 17. Qa4 Rc8 18.
Qb5 f6 19. Rfd1 Kh8 20. Rac1 Bh3 21. Bh1 f5 22. Nd2 e4 23. Nf4 d3 24. exd3 Bg4 25. Re1 Bb4 26. Rc2 exd3 27. Bxc6 Qxc6 28. Qxc6 Rxc6 29. Nxd3 Bxd2 30. Rxd2 Rxc4 31. Ne5 Rcc8 32.
Nxg4 fxg4 33. Re7 Rc1+ 34. Kg2 h5 35. Re5 g6 36. Re7 Rc6 37. Rdd7 Rfc8 38. Rh7+ Kg8 39.
Rdg7+ Kf8 40. Rxa7 Kg8 41. Rag7+ Kf8 42. Rd7 Kg8 43.
Rdg7+ Kf8 44. Rb7 Kg8 45. Rhf7 Re8 46. Rf4 Rc2 47. Rxb6 g5 48. Rf5 Kh7 49. a4 Ree2 50. a5 h4 51. gxh4 gxh4 52. a6 Rxb2 53. Rxb2 Rxb2 54.
Ra5 Rb3 55. a7 h3+ 56. Kf1 Rb1+ 57. Ke2 Rb2+ 58. Ke3 g3 59. fxg3 1-0

[Event "*** Titled Tuesday 3|2 Blitz"]
[Site "Chess.com"]
[Date "2017.05.02"]
[Round "5"]
[White "Michelangelo"]
[Black "Konavets"]
[Result "1-0"]
[WhiteElo "2632"]
[BlackElo "2674"]
[TimeControl "180+2"]
[EndTime "14:06:14 PDT"]
[Termination "Michelangelo won by checkmate"]

1. d4 Nf6 2. c4 e5 3. dxe5 Ng4 4.
Nh3 Nxe5 5. e3 Nbc6 6. Nf4 g6 7. Be2 Bg7 8. O-O O-O 9. Nc3 Re8 10. Qd2 b6 11. b3 Bb7 12. Bb2 Qh4 13. Ncd5 Rac8 14.
Rad1 Nd8 15. Nd3 d6 16. Nxe5 dxe5 17. Bf3 c6 18. Nc3 e4 19. Nxe4 Bxb2 20. g3 Qh6 21.
Qxb2 Qg7 22. Nf6+ Kh8 23. Rd2 Re6 24. Rfd1 Qxf6 25. Qxf6+ Rxf6 26. Rxd8+ Kg7 27. Kg2 h5 28. h4 a5 29. R1d7 a4 30. bxa4 Rxd8 31. Rxd8 Ba6 32.
Rb8 Bxc4 33. Rxb6 Bxa2 34. a5 Rf5 35. a6 Ra5 36. Bxc6 Bc4 37. Bb7 Ra1 38. e4 Bf1+ 39.
Kf3 Ra3+ 40. Kf4 f6 41. f3 Ra5 42. Ke3 Ra3+ 43. Kf2 Bd3 44. Rd6 Bc4 45. Rd4 Bxa6 46. Rd7+ Kh6 47. Bd5 Bb5 48. Rd6 Kg7 49. Rb6 Be8 50.
Rb7+ Kf8 51. f4 Rd3 52. Rb8 Ke7 53. Rb7+ Kf8 54. Ra7 Rd2+ 55. Ke3 Rg2 56. Kf3 Rd2 57. Rh7 Rd3+ 58. Kf2 Rd2+ 59. Ke3 Rg2 60. Kf3 Rd2 61. Be6 Rd3+ 62. Kf2 Rd2+ 63. Ke3 Rg2 64. Kf3 Rd2 65. e5 Rd3+ 66. Ke4 Rd1 67. exf6 g5 68.
Rh8# 1-0

[Event "*** Titled Tuesday 3|2 Blitz"]
[Site "Chess.com"]
[Date "2017.05.02"]
[Round "5"]
[White "GMAkobianSTL"]
[Black "kleinebeer98"]
[Result "1/2-1/2"]
[WhiteElo "2598"]
[BlackElo "2468"]
[TimeControl "180+2"]
[EndTime "14:06:16 PDT"]
[Termination "Game drawn by agreement"]

1. d4 Nf6 2. c4 e6 3. Nf3 Bb4+ 4.
Nbd2 O-O 5. a3 Be7 6. e4 d5 7. e5 Nfd7 8. Bd3 c5 9. cxd5 exd5 10. Qc2 h6 11. O-O Nc6 12. Re1 a5 13. Bb5 Qb6 14.
a4 cxd4 15. Nb3 Nb4 16. Qd1 Nc5 17. Nfxd4 Qg6 18. Nxc5 Bxc5 19. Be3 Bh3 20. Qf3 Bg4 21. Qg3 Bxd4 22. Bxd4 Nc2 23. Bd3 Bf5 24. Bxc2 Bxc2 25.
Qxg6 Bxg6 26. e6 fxe6 27. Rxe6 Bf5 28. Rb6 Rf7 29. f3 Rc8 30. Rb5 Rc4 31. Rxd5 Bc2 32.
Bc3 Bxa4 33. Rxa5 Bc6 34. Rd1 Kh7 35. Kf2 Rcf4 36. Kg3 R4f5 37. Rxf5 Rxf5 38. Rd8 Rg5+ 39. Kf2 Rf5 40. Rc8 Rf7 41. h4 Kg6 42. Rg8 Kh7 43.
Rd8 Kg6 44. Rd6+ Kh7 45. h5 Rf5 46. Rg6 Rg5 47. Re6 Rxh5 48. g4 Rh3 49. Re3 h5 50. g5 h4 51. Re7 Rxf3+ 52. Ke2 Kg6 53. Rxg7+ Kh5 54. g6 Rg3 55. Rh7+ Kxg6 56. Rxh4 Kf5 57. Rh5+ Ke6 58. Re5+ Kd7 59. Re3 Rxe3+ 60. Kxe3 Kd6 61. Kd4 Kd7 62. Kc5 Kc8 63. b4 Bh1 64. b5 Bg2 65. b6 Bh1 66. Be5 Bg2 1/2-1/2

[Event "*** Titled Tuesday 3|2 Blitz"]
[Site "Chess.com"]
[Date "2017.05.02"]
[Round "5"]
[White "DryCounty"]
[Black "hypert"]
[Result "0-1"]
[WhiteElo "2458"]
[BlackElo "2283"]
[TimeControl "180+2"]
[EndTime "14:06:18 PDT"]
[Termination "hypert won by resignation"]

1. e4 c5 2. Nf3 e6 3. d4 cxd4 4.
Nxd4 Nc6 5. Nc3 Qc7 6. g3 a6 7. Bg2 Nf6 8. O-O Nxd4 9. Qxd4 Bc5 10. Bf4 d6 11. Qd2 h6 12. Rad1 e5 13. Be3 Be6 14. Bxc5 dxc5 15. f4 O-O 16. Nd5 Bxd5 17. exd5 Qd6 18.
fxe5 Qxe5 19. c4 Qd6 20. Qf4 Rfd8 21. Qxd6 Rxd6 22. b4 b6 23. bxc5 bxc5 24. Rb1 Nd7 25. Rfe1 Kf8 26. Bf1 Re8 27. Rxe8+ Kxe8 28. Rb7 Rb6 29.
Ra7 Ne5 30. Rc7 Rb2 31. Bg2 Nxc4 32. Rxc5 Ne3 33. Bf3 Rxa2 34. d6 Kd7 35. Rc7+ Kxd6 36. Rxf7 g5 37. h3 Ke5 38. Rh7 Nf5 39. Bg4 Nxg3 40. Rxh6 Ne4 41. Bf3 Kf4 42. Bg4 a5 43. Kf1 a4 44. Be6 Rb2 45. Rh8 Ng3+ 46. Kg1 Ne2+ 47. Kf1 Nd4 48. Bd5 Ke5 49. Bc4 Rc2 50.
Bf7 a3 51. Ra8 Rc3 52. Kg2 Kf4 53. Ra4 Ke3 54. Kg3 Nf5+ 55. Kg2 Nd6 56. Bg8 Ne4 57. Kf1 Kf3 58. Kg1 Rc1+ 59. Kh2 Rc2+ 60. Kg1 Rg2+ 61.
Kf1 Rf2+ 62. Ke1 Re2+ 63. Kd1 Nc3+ 64. Kc1 Nxa4 0-1

[Event "*** Titled Tuesday 3|2 Blitz"]
[Site "Chess.com"]
[Date "2017.05.02"]
[Round "5"]
[White "GMBenjaminBok"]
[Black "DrVitman"]
[Result "1-0"]
[WhiteElo "2668"]
[BlackElo "2602"]
[TimeControl "180+2"]
[EndTime "14:06:23 PDT"]
[Termination "GMBenjaminBok won by resignation"]

1. Nf3 d5 2. g3 Bg4 3. Bg2 c6 4.
O-O Nd7 5. d3 e5 6. e4 dxe4 7.
dxe4 Ngf6 8. Nbd2 Qc7 9. h3 Bxf3 10. Qxf3 Bc5 11. Qe2 O-O 12. a4 Rad8 13. Nb3 Be7 14. Be3 b6 15. Rfd1 h6 16. Qc4 Nb8 17. Bf3 Rxd1+ 18.
Rxd1 Rd8 19. Rxd8+ Qxd8 20. Kg2 Qd6 21. a5 Qc7 22.
Qc3 c5 23. axb6 axb6 24. Qc4 Nc6 25. c3 Nd8 26. Qb5 Qc6 27. Qxc6 Nxc6 28. Kf1 Kf8 29. Be2 Ne8 30. Bb5 Nd8 31. Nd2 Nd6 32. Bd3 Ne6 33. h4 g5 34. Nf3 f6 35. Ke2 Ke8 36. hxg5 hxg5 37. Nd2 Kd7 38. Nc4 Nxc4 39. Bxc4 Nc7 40. Kf3 b5 41. Bf7 Ne8 42. Bxe8+ Kxe8 43. Kg4 Kf7 44. Kf5 Bd6 45. b3 c4 46. b4 Bc7 47.
Bc5 Bd8 48. f3 Bc7 49. Ba7 Bd8 50. Bc5 Bc7 51. Be3 Bd6 52. Bf2 Be7 53. Bb6 Bd6 54. Bd8 Be7 55. Bxe7 Kxe7 56. Kg6 Ke6 57. g4 Ke7 58.
Kg7 Ke6 59. Kf8 f5 60. gxf5+ Kf6 61. Ke8 g4 62. fxg4 Kg5 63. Ke7 Kxg4 64. f6 1-0

[Event "*** Titled Tuesday 3|2 Blitz"]
[Site "Chess.com"]
[Date "2017.05.02"]
[Round "5"]
[White "SerGo055"]
[Black "iturrizaga"]
[Result "1/2-1/2"]
[WhiteElo "2406"]
[BlackElo "2676"]
[TimeControl "180+2"]
[EndTime "14:06:34 PDT"]
[Termination "Game drawn by agreement"]

1. d4 Nf6 2. Nf3 b6 3. Bf4 Bb7 4. e3 g6 5. Be2 Bg7 6. O-O O-O 7. h3 c5 8. c3 d6 9. Nbd2 Nc6 10. Bh2 Qc7 11.
a4 Rad8 12. Nc4 e5 13. dxe5 dxe5 14. Qb3 Nd5 15. a5 Kh8 16. axb6 Nxb6 17. Rfd1 Nxc4 18.
Qxc4 Qe7 19. Bg3 e4 20. Nd2 Ne5 21. Qb3 Bd5 22. Qc2 f5 23. Nb3 Nd3 24. Na5 c4 25. Ra4 Qc5 26. b4 cxb3 27. Nxb3 Qxc3 28. Qxc3 Bxc3 29. Nd4 Nb2 30. Be5+ Kg8 31. Rxa7 Rf7 32. Rxf7 Bxf7 33. Rc1 Bxd4 34. Bxd4 Nd3 35. Rc7 Nf4 36. Bb5 Ne6 37. Rd7 Rxd7 38. Bxd7 Nxd4 39. exd4 Bc4 40. Bc6 Kf7 41. f3 e3 42. f4 Ke6 43.
g3 Kd6 44. Bf3 Bd5 45. Be2 Be6 46. Bf3 Bd5 47. Be2 Bb3 48. Bf3 Bc4 49. h4 h5 50.
Kh2 Bf1 51. Kg1 Bh3 52. Bh1 Bg4 53. Kf1 Bd1 54. Ke1 Bg4 55. Bg2 1/2-1/2

[Event "*** Titled Tuesday 3|2 Blitz"]
[Site "Chess.com"]
[Date "2017.05.02"]
[Round "5"]
[White "Msb2"]
[Black "SCIM"]
[Result "1-0"]
[WhiteElo "2555"]
[BlackElo "2384"]
[TimeControl "180+2"]
[EndTime "14:06:39 PDT"]
[Termination "Msb2 won on time"]

1. d4 Nf6 2. c4 g6 3. Nc3 d5 4.
Bg5 Bg7 5. Bxf6 Bxf6 6. cxd5 c6 7. e4 Bg7 8. Bc4 b5 9. Bb3 O-O 10. e5 b4 11. Nce2 cxd5 12. h4 f6 13. h5 fxe5 14. dxe5 e6 15. hxg6 h6 16. Nf3 Nc6 17. Qd2 Rxf3 18.
gxf3 Nxe5 19. Nd4 Qb6 20. O-O-O Ba6 21. Qe3 Bd3 22. Rxd3 Nxd3+ 23. Qxd3 Qxd4 24. Qxd4 Bxd4 25. Rxh6 Kg7 26. Rh7+ Kxg6 27. Bc2+ Kf6 28. Rh6+ Kg7 29. Rxe6 Bxf2 30. Kd2 Bd4 31. b3 Rc8 32. Rd6 Bc3+ 33.
Kd3 Be5 34. Rxd5 Rc3+ 35. Kd2 Bf4+ 36. Kd1 Rxf3 37. Bd3 Rf2 38. Be2 Rh2 39. Rd4 Rh1+ 40. Kc2 Rc1+ 41. Kd3 Rc3+ 42. Ke4 Bh6 43. Bd3 a5 44.
Rd5 a4 45. Bc4 Re3+ 46. Kd4 a3 47. Kc5 Kh7 48. Kxb4 Bf8+ 49. Ka4 Rh3 50. Bd3+ Kg7 51. b4 Rh4 52. Rb5 Rd4 53. Bc2 Rd2 54. Bb3 Kf6 55.
Kxa3 Ke7 56. Ka4 Kd6 57. a3 Bg7 58. Rb7 Be5 59. Rb6+ Kc7 60. Re6 Bd6 61. Rh6 Rd4 62.
Kb5 Rd3 63. Rh7+ Kb8 64. Kc4 Rd2 65. a4 Rg2 66. Kb5 Rg5+ 67. Kb6 1-0

[Event "*** Titled Tuesday 3|2 Blitz"]
[Site "Chess.com"]
[Date "2017.05.02"]
[Round "5"]
[White "TricksOnly"]
[Black "stepanosinovsky"]
[Result "1-0"]
[WhiteElo "2436"]
[BlackElo "2233"]
[TimeControl "180+2"]
[EndTime "14:06:44 PDT"]
[Termination "TricksOnly won by resignation"]

1. e4 e5 2. Nf3 Nc6 3. Nc3 Nf6 4. a3 d6 5. d4 exd4 6. Nxd4 Nxd4 7.
Qxd4 Be7 8. Be2 O-O 9. O-O c6 10.
Bf4 Qb6 11. Qd3 Rd8 12. Rfd1 Ng4 13. Qg3 h5 14. h3 h4 15. Qf3 Ne5 16. Bxe5 dxe5 17.
Bc4 Bf6 18. Rxd8+ Qxd8 19. Rd1 Qe7 20. Qd3 g6 21. a4 Kg7 22. Bb3 Bg5 23. Nb1 Bf6 24.
Nd2 Bd7 25. Nf1 Rd8 26. Ne3 Bc8 27. Qxd8 Qxd8 28. Rxd8 Bxd8 29. Kf1 f5 30. exf5 gxf5 31.
c3 Kf6 32. Bc2 Be7 33. Ke2 Be6 34. Bd3 a6 35. Bc4 Bc8 36. Bb3 b5 37. axb5 axb5 38.
Nc2 Bc5 39. Ne1 e4 40. Nc2 Ke5 41. Ne3 Bb6 42. g3 hxg3 43. fxg3 Bd7 44. h4 Be8 45. Ng2 Bh5+ 46. Ke1 Bf3 47. Nf4 Be3 48. Ng6+ Kf6 49. Nf4 Bxf4 50. gxf4 Kg6 51. Kf2 Kh5 52. Kg3 Kg6 53.
Be6 c5 54. b4 cxb4 55. cxb4 Be2 56. Kf2 Bd3 57. Ke3 Bf1 58. Bd7 Bh3 59. Bxb5 Kh5 60. Be2+ Kxh4 61. b5 Bg4 62. b6 Bxe2 63. Kxe2 Kg3 64. Ke3 1-0

[Event "*** Titled Tuesday 3|2 Blitz"]
[Site "Chess.com"]
[Date "2017.05.02"]
[Round "5"]
[White "Vegan4future"]
[Black "Drags95"]
[Result "0-1"]
[WhiteElo "2285"]
[BlackElo "2528"]
[TimeControl "180+2"]
[EndTime "14:06:49 PDT"]
[Termination "Drags95 won by resignation"]

1. e4 c5 2. Nf3 d6 3. Bb5+ Nd7 4. O-O a6 5. Bd3 e6 6. Re1 g5 7. h3 h5 8. Nh2 Ngf6 9. c3 g4 10. hxg4 hxg4 11. Nxg4 Nxg4 12. Qxg4 Ne5 13. Qg3 Qf6 14. Bc2 Qh6 15. Kf1 Bd7 16. a4 Qh1+ 17. Ke2 Qxe1+ 18. Kxe1 Rh1+ 19. Ke2 Rxc1 20. Bd1 b5 21. d3 c4 22. axb5 Bxb5 23. Kd2 Nxd3 24. Qh4 Rd8 25. Be2 Rg1 26. Bxd3 cxd3 27. Qh2 Rf1 28. Ke3 d5 29. e5 d4+ 30. cxd4 d2 31. Nxd2 Rxa1 32. Ne4 Re1+ 33. Kf4 Rxd4 34. f3 Bc6 35. Qg3 Rexe4+ 36. fxe4 Rxe4+ 37. Kg5 Be7+ 38. Kh6 Rh4+ 39. Kg7 Bf8+ 40. Kg8 Rh6 41. Qd3 Rg6+ 42. Kh7 Rg7+ 43. Kh8 Rxg2 44. Qxa6 Rh2+ 45. Kg8 Rg2+ 46. Kh8 Bd7 47. Qa8+ Ke7 48.
Qa3+ Ke8 49. Qf3 Rg6 50. b3 Bg7+ 51. Kh7 Bxe5 52. Qa8+ Ke7 53. Qa3+ Bd6 54. Qa7 Rg4 55. Qe3 Rb4 56. Qc3 Rb5 57. Qe3 f5 58. Qg5+ Ke8 59.
Qg8+ Bf8 60. Qg6+ Kd8 61. Qf6+ Be7 62. Qh8+ Kc7 63. Qc3+ Rc5 64. Qd4 Bd6 65. b4 Rd5 66. Qc4+ Kd8 67. Qc3 f4 68. Qh8+ Kc7 69. Qc3+ Kb7 70.
Qf3 Bc6 71. Qe2 Re5 72. Qd3 Bc7 73. Qc3 f3 74. Qb2 Rf5 75. b5 Bxb5 76. Qf2 Bb6 77. Qh4 f2 78. Qe4+ Bc6 79. Qxe6 f1=Q 80. Qe7+ Bc7 81. Qb4+ Rb5 0-1

[Event "*** Titled Tuesday 3|2 Blitz"]
[Site "Chess.com"]
[Date "2017.05.02"]
[Round "5"]
[White "Vamostodorecto"]
[Black "1random"]
[Result "1/2-1/2"]
[WhiteElo "2343"]
[BlackElo "2291"]
[TimeControl "180+2"]
[EndTime "14:06:52 PDT"]
[Termination "Game drawn - insufficient material"]

1. d4 c5 2. d5 e5 3. e4 d6 4. Nf3 a6 5. a4 Bg4 6. Nc3 Be7 7. h3 Bxf3 8. Qxf3 Bg5 9. Bd3 Bxc1 10. Rxc1 Ne7 11. Qg3 O-O 12. O-O Nd7 13. Nd1 f5 14. exf5 Nxf5 15. Qg4 Qf6 16. Ne3 Nxe3 17. fxe3 Qe7 18. Rf5 Rxf5 19. Qxf5 g6 20. Qg4 Nf6 21. Qc4 e4 22. Be2 Qe5 23. Qb3 Rb8 24. Bxa6 Kg7 25. Bc4 g5 26. a5 g4 27. hxg4 Nxg4 28. Qc3 Qxc3 29. bxc3 Nxe3 30. Bf1 Nxd5 31. Rd1 Nxc3 32. Rxd6 Re8 33. Rd7+ Kf6 34. Rxb7 e3 35. a6 e2 36.
Bxe2 Nxe2+ 37. Kf2 Nd4 38. a7 Ra8 39. c3 Ne6 40. Rxh7 Ke5 41. Ke3 Kd5 42. g4 Ng5 43. Rh5 Rxa7 44. Rxg5+ Kc4 45. Re5 Ra1 46. g5 Re1+ 47. Kf4 Rf1+ 48. Ke4 Rg1 49. Kf5 Rg3 50. g6 Rxc3 51. Kf6 Rf3+ 52. Rf5 Rg3 53. Rg5 Rf3+ 54.
Ke6 Re3+ 55. Kd6 Kd4 56. g7 Re8 57. g8=Q Rxg8 58. Rxg8 c4 59. Rg4+ Kd3 60. Kc5 c3 61. Kb4 c2 62. Rg1 Kd2 63. Rg2+ Kd1 64. Rg1+ Kd2 65. Rg2+ Kd3 66. Rg1 Kd2 67. Kb3 c1=R 68. Rxc1 Kxc1 1/2-1/2

[Event "*** Titled Tuesday 3|2 Blitz"]
[Site "Chess.com"]
[Date "2017.05.02"]
[Round "5"]
[White "Vrolijk"]
[Black "NewBornNow"]
[Result "1/2-1/2"]
[WhiteElo "2332"]
[BlackElo "2552"]
[TimeControl "180+2"]
[EndTime "14:07:22 PDT"]
[Termination "Game drawn by repetition"]

1. d4 d6 2. c4 e5 3. Nc3 exd4 4.
Qxd4 Nc6 5. Qd2 Nf6 6. b3 g6 7.
Bb2 Bg7 8. g3 O-O 9. Bg2 Re8 10.
Nf3 a5 11. O-O Bf5 12. Rfe1 Ne4 13. Nxe4 Bxe4 14. Bxg7 Kxg7 15. Rad1 Qf6 16. Nd4 Bxg2 17. Kxg2 Nxd4 18. Qxd4 Qxd4 19. Rxd4 a4 20. b4 a3 21. e3 Ra4 22. Rb1 Re5 23. Rb3 Kf6 24. f4 Re8 25.
Kf3 Rea8 26. c5 Ke7 27. cxd6+ cxd6 28. Rc3 Rd8 29. Re4+ Kf6 30. Rc7 b5 31. Rb7 Rc8 32. g4 d5 33. g5+ Kg7 34. Rd4 Raa8 35. Rd2 Rc3 36. Rxd5 Re8 37. Re5 Rxe5 38. fxe5 Kf8 39. Rxb5 Rc2 40. Rb7 Rxa2 41. Ra7 Rb2 42. Rxa3 Rxb4 43.
Ra5 Rh4 44. Kg3 Re4 45. Kf3 Rh4 46. Ra2 Ke7 47. Kg3 Rb4 48. Ra6 Re4 49. Kf3 Rxe5 50. h4 Rb5 51. Kf4 Rb4+ 52. e4 Rb1 53. Ra5 Rf1+ 54.
Ke5 Rh1 55. Ra7+ Kf8 56. Kf6 Rf1+ 57. Ke5 Kg7 58. Kd6 Rf4 59. e5 Rd4+ 60. Kc5 Re4 61.
Kd5 Re1 62. Kd6 Rd1+ 63. Kc5 Kf8 64. Rb7 Rh1 65. Rb8+ Ke7 66. Kd5 Rxh4 67. Rb7+ Kf8 68. e6 fxe6+ 69. Kxe6 Re4+ 70. Kf6 Rf4+ 71. Ke6 Kg8 72.
Rb8+ Rf8 73. Rb5 Re8+ 74. Kf6 Ra8 75. Rb6 Rf8+ 76. Ke6 Rf7 77. Rb8+ Kg7 78. Rb5 Ra7 79. Ke5 Rf7 80. Ke6 Rc7 81. Ke5 Rf7 82. Ke6 1/2-1/2

[Event "*** Titled Tuesday 3|2 Blitz"]
[Site "Chess.com"]
[Date "2017.05.02"]
[Round "5"]
[White "Gordima"]
[Black "oskariot"]
[Result "1-0"]
[WhiteElo "2595"]
[BlackElo "2434"]
[TimeControl "180+2"]
[EndTime "14:07:39 PDT"]
[Termination "Gordima won on time"]

1. e4 c5 2. Nf3 d6 3. d4 cxd4 4. Nxd4 Nf6 5. Nc3 Nc6 6. g3 e6 7. Bg2 Bd7 8. Nce2 Be7 9. c4 a6 10. O-O Rc8 11. b3 Nxd4 12. Nxd4 b5 13. cxb5 axb5 14.
a4 bxa4 15. bxa4 O-O 16. a5 e5 17. Nf5 Bxf5 18. exf5 d5 19. Be3 Bc5 20. Bg5 e4 21. Bxf6 gxf6 22. Qg4+ Kh8 23. Rfd1 Ra8 24. Bxe4 Rxa5 25.
Rxa5 Qxa5 26. Bxd5 Qc3 27. Kg2 Qc2 28. Qf3 Bb6 29.
Re1 Qc5 30. Re2 Kg7 31. Qg4+ Kh8 32. Qe4 Kg7 33. Rc2 Qa5 34. Qg4+ Kh8 35. Qf3 Kg7 36.
Rc4 Rd8 37. Be4 Rd2 38. Qg4+ Kh6 39. Qf4+ Kg7 40. Qg4+ Kf8 41. Rc8+ Rd8 42. Rc2 Qe5 43. Re2 Qd4 44. h4 h6 45. Qf4 Kg7 46. Qf3 Re8 47.
Kh3 Ba7 48. Kg4 Bb6 49. Kh5 Bc5 50. Qf4 Rh8 51. Qg4+ Kh7 52. Ra2 Bd6 53. Qf3 Rg8 54. Ra6 Be5 55. Ra2 Bd6 56. Rc2 Be5 57. Qe2 Rg7 58.
Rd2 Qa1 59. Qe3 1-0

[Event "*** Titled Tuesday 3|2 Blitz"]
[Site "Chess.com"]
[Date "2017.05.02"]
[Round "5"]
[White "Rodalquilar"]
[Black "RitvarsReimanis"]
[Result "0-1"]
[WhiteElo "2528"]
[BlackElo "2443"]
[TimeControl "180+2"]
[EndTime "14:08:09 PDT"]
[Termination "RitvarsReimanis won on time"]

1. d4 Nf6 2. Bf4 e6 3. e3 d5 4. Nd2 c5 5. c3 Nc6 6. Ngf3 Be7 7.
Ne5 O-O 8. Bd3 Bd7 9. Qf3 Rc8 10. Qh3 g6 11. Qf3 cxd4 12. exd4 Nxe5 13. Bxe5 Ne8 14. O-O Ng7 15. Rfe1 Qb6 16. Rab1 Bb5 17. Bc2 Ba6 18. Qe3 Rfe8 19. Qh6 Bf8 20. Qh4 Qd8 21.
Qh3 Qg5 22. Nf3 Qh5 23. Qg3 Nf5 24. Qg5 Qxg5 25. Nxg5 Nd6 26. Ba4 b5 27. Bb3 Nc4 28. Bf4 b4 29. Ba4 Red8 30. cxb4 Bxb4 31. Red1 Nb6 32. Bb3 Be2 33. Rdc1 h6 34. Nf3 g5 35.
Bd2 Bd6 36. Ba5 Bd3 37. Ra1 Bf4 38. Re1 Bc4 39. Bd1 Bd3 40. Bb3 Bc2 41. g3 Bd6 42. Nd2 Rd7 43. Rec1 Rdc7 44. Re1 Kg7 45. Kg2 Rc6 46. Bc3 Bg6 47. f3 Ba3 48. Rad1 Be7 49. Nf1 Bf6 50. Ne3 R6c7 51. Ng4 Nc4 52. Nxf6 Kxf6 53.
h4 Rb8 54. hxg5+ hxg5 55. Kf2 a5 56. Re2 Rb5 57. Ba4 Rbb7 58. Bb3 Ra7 59. Ba4 Nb6 60. Bb5 a4 61. Bb4 Nc4 62. Bc5 Rab7 63. Bxa4 Nxb2 64. Bd6 Nxd1+ 65. Bxd1 Rc1 66. Bb3 Kg7 67. Be5+ f6 68. Bd6 Bf7 69. Ba3 Rc3 70. Bb2 Rcxb3 71. axb3 Rxb3 72. Bc1 Kg6 73. Rc2 f5 74. Rc6 Rd3 75. Be3 Kf6 76. Ke2 Ra3 77. Rc7 Bh5 78.
Rc2 Be8 79. Kd2 Bb5 80. Rc8 Rd3+ 81. Ke2 Rc3+ 82. Kd2 Rxc8 0-1